AoeStats
← JRoBot

Arena

510102265Analyzed
1v1 RM · 3d ago on Sep 29, 2026· 73m 59s· 2 players
Game mode
Random Map
Map size
Tiny (2 player)
Population
200
Speed
Normal
Resources
Standard
Victory
Conquest
Starting age
Dark Age
Ending age
Imperial Age
RankedLock teamsTeams togetherTeam positionsShared explorationLock speedFull tech treeHidden civsTurbo modeCheats
Victory
Defeat
🇨🇿 Bohemians · Czechia
869
+18
🇸🇰 Lithuanians · Slovakia
905
-51
edkas
7:28 Loom
9:25 Feudal Age
10:10 Double-Bit Axe
12:05 Wheelbarrow
11:22 Horse Collar
18:18 Castle Age
16:51 Fletching
17:59 Forging
19:00 Heavy Plow
19:12 Bow Saw
20:53 Squires
21:59 Hand Cart
22:22 Pikeman
23:55 Scale Mail Armor
24:18 Town Watch
28:10 Bodkin Arrow
28:38 Ballistics
29:19 Wagenburg Tactics
29:37 Town Patrol
33:15 Chemistry
34:53 Imperial Age
35:20 Chain Mail Armor
35:43 Iron Casting
35:07 Murder Holes
35:25 Masonry
36:12 Conscription
36:00 Hussite Reforms
36:42 Padded Archer Armor
37:18 Plate Mail Armor
36:49 Bracer
38:16 Halberdier
39:34 Elite Hussite Wagon
41:25 Blast Furnace
40:22 Elite Skirmisher
43:36 Siege Engineers
49:44 Leather Archer Armor
53:47 Ring Archer Armor
53:24 Scale Barding Armor
67:52 Houfnice
JRoBot
10:43 Feudal Age
15:02 Castle Age
13:17 Double-Bit Axe
18:29 Horse Collar
21:45 Bow Saw
25:02 Wheelbarrow
25:14 Forging
24:27 Man-at-Arms
25:17 Long Swordsman
26:45 Scale Mail Armor
27:02 Heavy Plow
28:40 Bloodlines
28:30 Husbandry
29:18 Hand Cart
28:55 Gold Mining
28:56 Stone Mining
30:13 Squires
29:58 Arson
32:07 Scale Barding Armor
32:37 Iron Casting
34:50 Imperial Age
33:14 Stone Mining
34:00 Loom
34:01 Town Watch
36:34 Two-Man Saw
36:05 Crop Rotation
35:07 Cavalier
35:59 Guilds
36:38 Chain Barding Armor
36:34 Chain Mail Armor
36:42 Paladin
38:11 Plate Barding Armor
38:12 Two-Handed Swordsman
40:58 Champion
42:48 Conscription
43:10 Stone Shaft Mining
58:47 Onager
Connection lost

Rejoining the realm…

Still unreachable

The connection could not be restored.

Session expired

The server has moved on; the page needs a fresh start.